 Dungeon Crawl Stone Soup version 0.23-a0-386-g9c9d49f (webtiles) character file.

68 Amnesiac the Shooter (level 4, 0/37 HPs)
             Began as a Centaur Hunter on Oct 28, 2018.
             Succumbed to a worker ant's poison
             ... on level 6 of the Dungeon.
             The game lasted 00:03:44 (775 turns).

Amnesiac the Shooter (Centaur Hunter)                Turns: 775, Time: 00:03:44

Health: 0/37       AC:  4    Str: 15    XL:     4   Next: 1%
Magic:  4/4        EV:  9    Int: 10    God:
Gold:   63         SH:  0    Dex: 10    Spells: 3/3 levels left

rFire    . . .     SeeInvis .   b - +0 long sword
rCold    . . .     Gourm    .   (no shield)
rNeg     . . .     Faith    .   c - +0 leather armour
rPois    .         Spirit   .   (no helmet)
rElec    .         Reflect  .   (no cloak)
rCorr    .         Harm     .   (no gloves)
MR       .....                  (no barding)
Stlth    +.........             (no amulet)
HPRegen  0.12/turn              (no ring)
MPRegen  0.09/turn              (no ring)

@: lethally poisoned (0 -> -5), very quick
A: large, hooves 3, deformed body, speed 2, tough skin 3
a: no special abilities


You were on level 6 of the Dungeon.
You were not hungry.

You visited 1 branch of the dungeon, and saw 6 of its levels.

You collected 63 gold pieces.

Inventory:

Hand Weapons
 a - a +1 shortbow
 b - a +0 long sword (weapon)
Missiles
 d - 17 arrows
Armour
 c - a +0 leather armour (worn)
Scrolls
 e - a scroll of identify {!r}
 h - a scroll of amnesia {!r, unknown}
 i - a scroll of immolation {!r}
Comestibles
 f - 2 rations


   Skills:
 + Level 2.9 Fighting
 * Level 6.8 Bows
 - Level 1.3 Dodging
 - Level 0.4 Stealth


You had 3 spell levels left.
You didn't know any spells.
Your spell library was empty.

Dungeon Overview and Level Annotations

Branches:
Dungeon (6/15)
 Temple: D:4-7

Altars:


Innate Abilities, Weirdness & Mutations

You have hooves in place of feet.
Armour fits poorly on your strangely shaped body.
You cover ground very quickly.
You have extremely tough skin. (AC +3)


Message History

You closely miss the worker ant.
The worker ant is almost dead.
The worker ant bites you.
You closely miss the worker ant.
The worker ant is almost dead.
The worker ant bites you.
* * * LOW HITPOINT WARNING * * *
The worker ant closely misses you. The bullfrog skeleton misses you.
A ball python comes into view.
The ball python hisses angrily.
The ball python moves out of view.
The ball python bites you but does no damage.
The ball python bites you but does no damage.
The ball python misses you.
Really quaff
j - a puce potion {!q}?
It was a potion of cancellation {!q}.
You feel magically purged. The ball python barely misses you.
You swing at nothing.
The ball python bites you but does no damage.
You closely miss the worker ant.
The worker ant is almost dead.
The ball python closely misses you. The worker ant bites you.
* * * LOW HITPOINT WARNING * * *
You are poisoned.
The worker ant poisons you! The ball python bites you.
* * * LOW HITPOINT WARNING * * *
The worker ant bites you.
* * * LOW HITPOINT WARNING * * *
You are lethally poisoned!
The worker ant poisons you!
* * * LOW HITPOINT WARNING * * *
You feel sick.
* * * LOW HITPOINT WARNING * * *
You feel sick.
Found 13 gold pieces.
* * * LOW HITPOINT WARNING * * *
You feel sick.
You aren't carrying any potions.
An adder and a zombie come into view.
* * * LOW HITPOINT WARNING * * *
You feel sick.
The adder hisses angrily.
Found a ration.
Really read
e - 2 scrolls labeled LIRIKOGHAD {!r}?
As you read the scroll labeled LIRIKOGHAD {!r}, it crumbles to dust.
It is a scroll of identify.
i - a scroll of immolation {!r}
* * * LOW HITPOINT WARNING * * *
You feel sick.
* * * LOW HITPOINT WARNING * * *
You feel sick.
* * * LOW HITPOINT WARNING * * *
You feel sick.
Found a stone staircase leading down.
* * * LOW HITPOINT WARNING * * *
You feel sick.
* * * LOW HITPOINT WARNING * * *
You feel sick.
* * * LOW HITPOINT WARNING * * *
You feel sick.
All of the chunks of flesh in your inventory have rotted away.
* * * LOW HITPOINT WARNING * * *
You feel sick.
You die...

#### ..# #.# #@## #..#
######.##############.
........S..aZZ..S.....>
########.#######....###
#.. #....### ######+##
#a......
........#####ZS.....
.........Z..........


You could see a ball python.

Vanquished Creatures
  Jessica (D:2)
  2 adders (D:2)
  An ooze (D:1)
  5 bats (D:1)
  2 giant cockroaches
  3 goblins (D:2)
  A hobgoblin (D:2)
  A jackal (D:5)
  3 kobolds
  A quokka (D:2)
  A frilled lizard (D:1)
  A rat (D:2)
22 creatures vanquished.

Notes
Turn   | Place    | Note
-------+----------+-------------------------------------------
     0 | D:1      | Amnesiac the Centaur Hunter began the quest for the Orb.
     0 | D:1      | Reached XP level 1. HP: 17/17 MP: 1/1
    64 | D:1      | Reached XP level 2. HP: 3/24 MP: 2/2
   164 | D:2      | Noticed Jessica
   173 | D:2      | Killed Jessica
   173 | D:2      | Reached skill level 6 in Bows
   173 | D:2      | Reached XP level 3. HP: 11/30 MP: 3/3
   574 | D:5      | Entered Level 5 of the Dungeon
   627 | D:5      | Noticed a phantom
   638 | D:5      | Noticed a sky beast
   678 | D:5      | Noticed a phantom
   739 | D:6      | Reached XP level 4. HP: 30/37 MP: 4/4
   772 | D:6      | HP: 1/37 [poisoned by a worker ant]
   775 | D:6      | Succumbed to a worker ant's poison

Vault maps used:
D:1:      roderic_crossed_star
D:2:      minivault_4, palyth_stone_intersect, uniq_robin, uniq_jessica,
          uniq_crazy_yiuf_cottage
D:3:      nicolae_overflow_hidden_temple
D:4:      gammafunk_temple_overflow_wave, serial_glass, glass_columns_b,
          glass_columns_b
D:5:      gammafunk_cloud_chamber, first_ration, gammafunk_ghost_cemetery
D:6:      eat_drink_and_be_merry_uskayaw, minmay_temple_entry_glassed_door

Skill      XL: |  1  2 |
---------------+-------+-----
Bows           | 6 |  6.8
Fighting       | |  2.9
Dodging        | |  1.3
Stealth        | |  0.4

Action                   |  1- 3 |  4- 6 || total
-------------------------+-------+-------++-------
Melee: Short sword       |    31 |       ||    31
       Kick              |     5 |       ||     5
       Long sword        |     5 |     4 ||     9
 Fire: Shortbow          |    46 |       ||    46
  Use: Potion            |     2 |     1 ||     3
       Scroll            |       |     1 ||     1
Armor: Leather armour    |    20 |     3 ||    23
Dodge: Dodged            |    47 |     6 ||    53
       Rpst.: Long sword |       |     1 ||     1

Table legend:
 A = Non-vault XP
 B = Vault XP
 C = Vault XP percentage of total XP
 D = Non-vault monster count
 E = Vault monster count
 F = Vault count percentage of total count
                 A         B        C        D         E       F
            +---------+---------+-------+---------+---------+-------
      Total |      61 |      37 |  37.8 |      21 |       1 |   4.5
            +---------+---------+-------+---------+---------+-------
        D:1 |      18 |       0 |   0.0 |       9 |       0 |   0.0
        D:2 |      39 |      37 |  48.7 |      10 |       1 |   9.1
        D:5 |       2 |       0 |   0.0 |       1 |       0 |   0.0
        D:6 |       2 |       0 |   0.0 |       1 |       0 |   0.0
            +---------+---------+-------+---------+---------+-------
